 Dungeon Crawl Stone Soup version 0.30-a0-782-ge64f9170bb (webtiles) character file.

Game seed: 12539360806758949393

1254 theswoord the Trooper (level 8, -1/62 HPs)
             Began as a Djinni Hedge Wizard on Feb 19, 2023.
             Slain by a gnoll sergeant
             ... wielding a +0 spear
              (13 damage)
             ... on level 5 of the Dungeon.
             The game lasted 00:07:31 (5329 turns).

theswoord the Trooper (Djinni Hedge Wizard)         Turns: 5329, Time: 00:07:31

Health: -1/62      AC:  2    Str:  9    XL:     8   Next: 80%
Gold:   298        EV: 12    Int: 18    God:
                   SH:  0    Dex: 13

rFire   + + .      SeeInvis .    s - +0 whip (elec)
rCold   x . .      Faith    .    (no shield)
rNeg    . . .      Spirit   .    b - +0 robe
rPois   ∞          Reflect  .    c - +0 hat
rElec   .          Harm     .    (no cloak)
rCorr   .          Rampage  .    (no gloves)
Will    .....                    (boots unavailable)
Stlth   ++                       (no amulet)
HPRegen 0.30/turn                (no ring)
MPRegen 0.00/turn                (no ring)

@: flying
A: sickness immunity, fire resistance 2, cold vulnerability 1, float, innate
caster, HP casting, extra vitality 1
a: no special abilities


You were on level 5 of the Dungeon.
You visited 1 branch of the dungeon, and saw 5 of its levels.

You collected 298 gold pieces.

Inventory:

Hand Weapons
 a - a +0 dagger
 e - a +0 whip
 h - a +1 whip of flaming
 s - a +0 whip of electrocution (weapon)
Armour
 b - a +0 robe (worn)
 c - a +0 hat (worn)
Jewellery
 d - a ring of fire
Wands
 l - a wand of paralysis (12)
Scrolls
 j - a scroll of teleportation
 k - 2 scrolls of identify
 n - a scroll of fear {unknown}
Potions
 f - a potion of flight {unknown}
 g - a potion of heal wounds
 m - 4 potions of berserk rage {unknown}
 o - a potion of brilliance {unknown}
 p - a potion of haste {unknown}
 q - 2 potions of degeneration {unknown}
 r - 2 potions of attraction {unknown}


   Skills:
 + Level 6.9 Fighting
 - Level 2.1 Dodging
 - Level 1.5 Stealth
 + Level 5.9 Spellcasting


You had 3 spell levels left.
You knew the following spells:

 Your Spells              Type           Power      Damage    Failure   Level
a - Magic Dart            Conj           100%       1d8       1%          1
b - Slow                  Hex            100%       N/A       1%          1
c - Blink                 Tloc           52%        N/A       1%          2
d - Call Imp              Summ           26%        N/A       1%          2
e - Mephitic Cloud        Conj/Pois/Air  26%        N/A       3%          3
f - Beastly Appendage     Tmut           52%        N/A       1%          1
g - Static Discharge      Conj/Air       52%        2-5/arc   1%          2
h - Ozocubu's Armour      Ice            26%        N/A       3%          3
Your spell library was empty.

Dungeon Overview and Level Annotations

Branches:
Dungeon (5/15)
 Temple: D:4-7

Altars:
Dithmenos
Okawaru
Uskayaw
Yredelemnul


Innate Abilities, Weirdness & Mutations

You are immune to sickness and miasma.
You are immune to poison.
Your flesh is very heat resistant. (rF++)
You are vulnerable to cold. (rC-)
You float through the air rather than walking.
You learn spells naturally, not from books.
Your magical power is your life essence.
You have superior vitality. (+4 MHP)


Message History

The gnoll hits you from afar with a +0 spear.
Aim: a gnoll, wielding a +0 spear (severely wounded, 100% to hit)
The magic dart hits the gnoll!
You kill the gnoll!
Aim: a gnoll sergeant, wielding a +0 spear and wearing a +0 ring mail (100% to hit)
The magic dart hits the gnoll sergeant.
Aim: a gnoll sergeant, wielding a +0 spear and wearing a +0 ring mail (lightly wounded, 100% to hit)
The magic dart hits the gnoll sergeant but does no damage.
The gnoll sergeant hits you from afar with a +0 spear.
Aim: a gnoll sergeant, wielding a +0 spear and wearing a +0 ring mail (lightly wounded, 100% to hit)
The magic dart hits the gnoll sergeant but does no damage.
The gnoll sergeant hits you from afar with a +0 spear.
Aim: a gnoll sergeant, wielding a +0 spear and wearing a +0 ring mail (lightly wounded, 100% to hit)
The magic dart hits the gnoll sergeant.
The gnoll sergeant misses you.
Aim: a gnoll sergeant, wielding a +0 spear and wearing a +0 ring mail (moderately wounded, 100% to hit)
The magic dart hits the gnoll sergeant.
The gnoll sergeant hits you from afar with a +0 spear.
Aim: a gnoll sergeant, wielding a +0 spear and wearing a +0 ring mail (heavily wounded, 100% to hit)
The magic dart hits the gnoll sergeant but does no damage.
The gnoll sergeant hits you from afar with a +0 spear.
Aim: a gnoll sergeant, wielding a +0 spear and wearing a +0 ring mail (heavily wounded, 100% to hit)
The magic dart hits the gnoll sergeant but does no damage.
The gnoll sergeant hits you from afar with a +0 spear!
* * * LOW HITPOINT WARNING * * *
The gnoll shouts!
The gnoll sergeant misses you.
The gnoll sergeant is struck by an arc of lightning.
You are struck by an arc of lightning.
* * * LOW HITPOINT WARNING * * *
The lightning grounds out.
* * * LOW HITPOINT WARNING * * *
The gnoll sergeant hits you with a +0 spear!
* * * LOW HITPOINT WARNING * * *
The gnoll sergeant is struck by an arc of lightning.
You are struck by an arc of lightning.
* * * LOW HITPOINT WARNING * * *
The lightning grounds out.
* * * LOW HITPOINT WARNING * * *
The gnoll sergeant hits you with a +0 spear!
You die...

.......##
#:.......$..#
.......#
#.............
.......#
#............#
.......#
#............#
.......#
#....g.......#
.......#
##...........#
......##
##..........#
...#### #..g....#
.### #.@)...# ##
#.###.## # #.#
##### ##.# ....##
#..#
.....#########..#
................#
................##
.......########..##


You could see a gnoll sergeant and a gnoll.

Vanquished Creatures
  Pikel (D:5)
  Sigmund (D:2)
  Menkaure (D:4)
  A black bear (D:5)
  A lemure (D:5)
  A phantom (D:5)
  A scorpion (D:5)
  3 hounds
  An orc priest (D:5)
  An iguana (D:5)
  An orc wizard (D:5)
  3 gnolls (D:5)
  5 adders
  3 worms
  5 orcs
  6 ball pythons
  6 endoplasms
  13 giant cockroaches
  6 goblins
  4 hobgoblins
  4 jackals (D:2)
  8 kobolds
  5 quokkas
  4 bats
  2 frilled lizards
  5 rats
92 creatures vanquished.

Notes
Turn   | Place    | Note
-------+----------+-------------------------------------------
     0 | D:1      | theswoord the Djinni Hedge Wizard began the quest for the
                  | Orb.
     0 | D:1      | theswoord set off with the following spells memorised:
                  | Magic Dart, Slow, Blink, Call Imp, Mephitic Cloud.
     0 | D:1      | Reached XP level 1. HP: 15/15 MP: 0/0
   311 | D:1      | Reached XP level 2. HP: 21/22 MP: 0/0
   336 | D:1      | Reached skill level 1 in Fighting
   722 | D:2      | Noticed Sigmund
   752 | D:2      | Killed Sigmund
   753 | D:2      | Reached skill level 3 in Fighting
   753 | D:2      | Reached XP level 3. HP: 6/30 MP: 0/0
   753 | D:2      | Learned a level 1 spell: Beastly Appendage
   753 | D:2      | Reached XP level 4. HP: 7/35 MP: 0/0
   753 | D:2      | Reached XP level 5. HP: 8/40 MP: 0/0
   753 | D:2      | Learned a level 2 spell: Static Discharge
  1029 | D:2      | Reached XP level 6. HP: 31/46 MP: 0/0
  1773 | D:3      | Found a faded altar of an unknown god.
  1936 | D:3      | Reached skill level 4 in Fighting
  2698 | D:4      | Found a basalt altar of Yredelemnul.
  2799 | D:4      | Noticed Menkaure
  2807 | D:4      | HP: 1/47 [Menkaure (22)]
  2814 | D:4      | Killed Menkaure
  2815 | D:4      | Reached XP level 7. HP: 13/53 MP: 0/0
  2815 | D:4      | Learned a level 3 spell: Ozocubu's Armour
  2969 | D:4      | Found a shadowy altar of Dithmenos.
  2970 | D:4      | Found an iron altar of Okawaru.
  3249 | D:4      | Found a hide-covered altar of Uskayaw.
  3860 | D:5      | Entered Level 5 of the Dungeon
  3940 | D:5      | HP: 1/53 [/static electricity (2)]
  3941 | D:5      | Reached skill level 5 in Fighting
  4337 | D:5      | Reached skill level 5 in Spellcasting
  4409 | D:5      | Noticed Pikel
  4415 | D:5      | Paralysed by Pikel for 4 turns
  4423 | D:5      | Killed Pikel
  4424 | D:5      | Reached skill level 6 in Fighting
  4424 | D:5      | Reached XP level 8. HP: 8/62 MP: 0/0
  4765 | D:5      | Identified the +2 leather armour of Hopscotch {rF- Str+2
                  | Int+6}
  4857 | D:5      | HP: 2/62 [gnoll/+0 spear[a gnoll sergeant] (6)]
  5288 | D:5      | Identified the +5 dagger of the Endless March {venom,
                  | +Blink SInv}
  5329 | D:5      | Slain by a gnoll sergeant

Skill      XL: |  1  2  3  4  5  6  7 |
---------------+----------------------+-----
Fighting       | 3 4 6 |  6.9
Spellcasting   | 3 4 5 |  5.9
Dodging        | |  2.1
Stealth        | |  1.5

Action                     |  1- 3 |  4- 6 |  7- 9 || total
---------------------------+-------+-------+-------++-------
  Melee: Whip              |    15 |    23 |    17 ||    55
         Punch             |       |     1 |       ||     1
   Cast: Magic Dart        |    23 |    50 |    60 ||   133
         Static Discharge  |       |    30 |    33 ||    63
         Call Imp          |       |     2 |       ||     2
         Ozocubu's Armour  |       |       |     4 ||     4
         Blink             |       |       |     1 ||     1
    Use: Scroll            |     3 |     3 |     1 ||     7
         Potion            |     2 |     1 |     3 ||     6
 Armour: Robe              |     1 |     6 |     7 ||    14
  Dodge: Dodged            |    11 |    33 |    43 ||    87

Levels and vault maps discovered:
D:1:      minmay_arrival_stone_box, layout_loops_ring
D:2:      minmay_roachtagon, layout_basic, minmay_misc_feat_iff, uniq_sigmund
D:3:      layout_basic, hellmonk_ecumenical_altar_lost_god
D:4:      layout_basic, chequers_temple_overflow_statue_of_worship,
          general_overflow_altar, kennysheep_mini_moat, uniq_menkaure
D:5:      layout_cave_pods, uniq_pikel
